AoeStats
← guai

Arabia

505180708Analyzed
1v1 RM · 25d ago on Sep 8, 2026· 39m 6s· 2 players
Game mode
Random Map
Map size
Tiny (2 player)
Population
200
Speed
Normal
Resources
Standard
Victory
Conquest
Starting age
Dark Age
Ending age
Imperial Age
RankedLock teamsTeams togetherTeam positionsShared explorationLock speedFull tech treeHidden civsTurbo modeCheats
Victory
Defeat
🇨🇴 Byzantines · Colombia
631
+16
🇨🇳 Franks · China
633
-34
Osckar508
0:29 Loom
12:07 Feudal Age
13:25 Wheelbarrow
12:39 Double-Bit Axe
12:39 Horse Collar
15:14 Gold Mining
23:23 Forging
25:45 Arson
26:04 Scale Mail Armor
26:18 Fletching
26:36 Stone Mining
30:42 Castle Age
29:05 Padded Archer Armor
29:50 Scale Barding Armor
32:26 Hand Cart
32:25 Bow Saw
32:17 Heavy Plow
33:38 Pikeman
34:18 Squires
37:19 Imperial Age
36:36 Murder Holes
37:52 Ballistics
37:33 Halberdier
40:31 Chemistry
guai
11:24 Feudal Age
12:24 Double-Bit Axe
14:48 Wheelbarrow
14:37 Scale Barding Armor
21:38 Castle Age
22:38 Bow Saw
22:25 Stone Mining
22:26 Gold Mining
23:15 Husbandry
24:52 Chain Barding Armor
31:48 Murder Holes
39:17 Forging
39:24 Masonry
Connection lost

Rejoining the realm…

Still unreachable

The connection could not be restored.

Session expired

The server has moved on; the page needs a fresh start.